Map: Jagannatha LE

Players

Denver - Winner!

  • Race: Zerg Zerg
  • League: Grandmaster
  • Spawn Location: 1:00

Geralt (Gerald)

  • Race: Protoss Protoss
  • League: Grandmaster
  • Spawn Location: 7:00

Event: DreamHack SC2 Masters 2020 Winter

VOD

Have the link to the VOD?

Description

Time

  • Played on: Oct. 21, 2020, 12:26 p.m.
  • Length: 10:36

All games in this series

Show
View Real Time Build Order
Export as new Build Order

Denver Zerg - Winner!

Build Orders: Hatch First 

Get SALT Encoding   

  12  0:00  Drone  
  13  0:12  Overlord  
  13  0:17  Drone  
  14  0:32  Drone x2  
  16  0:48  Hatchery  
  15  0:53  Drone  
  15  0:56  Drone  
  17  0:59  Drone  
  18  1:10  Extractor  
  17  1:16  Spawning Pool  
  17  1:18  Drone  
  17  1:21  Drone  
  18  1:28  Drone  
  19  1:39  Drone  
  20  1:50  Overlord  
  20  2:03  Queen x2, Zergling x2  
  20  2:04  Zergling x2  
  26  2:12  Metabolic Boost  
  26  2:14  Drone x2  
  28  2:24  Drone x2  
  30  2:33  Overlord  
  30  2:34  Drone  
  31  2:44  Hatchery  
  30  2:47  Drone  
  30  2:48  Drone  
  32  2:54  Queen  
  32  2:57  Drone  
  35  3:01  Drone  
  36  3:06  Drone x2  
  36  3:11  Drone x2  
  40  3:14  Queen  
  42  3:20  Overlord  
  42  3:21  Zergling x2  
  42  3:25  Spore Crawler  
  42  3:26  Zergling x2  
  43  3:27  Zergling x2  
  44  3:36  Pneumatized Carapace  
  44  3:38  Drone x2  
  46  3:43  Overlord  
  44  3:49  Drone x3  
  44  3:51  Drone  
  47  3:55  Drone  
  47  3:59  Drone x2  
  47  4:02  Overlord  
  50  4:08  Zergling x8  
  54  4:11  Spore Crawler  
  54  4:12  Spore Crawler  
  54  4:14  Drone  
  53  4:20  Drone x2  
  53  4:21  Drone x2  
  53  4:23  Queen  
  59  4:27  Zergling x4  
  61  4:34  Drone x2  
  61  4:37  Overlord  
  62  4:40  Drone x3  
  62  4:43  Spore Crawler  
  64  4:47  Drone x3  
  64  4:48  Drone x2  
  68  4:55  Roach Warren  
  68  4:56  Lair  
  65  5:00  Extractor  
  65  5:01  Drone x2, Extractor  
  65  5:06  Drone  
  65  5:07  Drone x4  
  67  5:10  Extractor, Overlord  
  65  5:21  Drone  
  65  5:22  Drone x8  
  65  5:26  Overlord  
  73  5:33  Drone  
  73  5:36  Extractor  
  73  5:37  Extractor, Roach x2  
  79  5:42  Roach  
  79  5:43  Roach  
  79  5:45  Drone x2, Hatchery  
  79  5:46  Roach  
  79  5:49  Zergling x2  
  87  5:50  Zergling x8  
  87  5:58  Spire  
  87  5:59  Glial Reconstitution  
  87  6:00  Drone  
  87  6:03  Drone x3, Overlord  
  90  6:12  Drone x3  
  90  6:13  Overlord x3  
  93  6:20  Roach x2  
  93  6:22  Overlord x2  
  97  6:26  Overlord  
  97  6:29  Overlord  
  97  6:32  Overlord  
  97  6:38  Zergling x8  
  101  6:40  Overseer  
  101  6:51  Zergling x10  
  101  6:52  Zergling x10  
  111  7:09  Drone x3  
  111  7:11  Mutalisk x8  
  111  7:14  Zerg Flyer Weapons Level 1  
  129  7:17  Extractor x2  
  129  7:18  Overlord  
  129  7:19  Roach x4  
  129  7:20  Roach  
  137  7:25  Ravager x2  
  138  7:31  Overlord x2  
  138  7:33  Drone x2  
  138  7:34  Evolution Chamber  
  137  7:37  Drone x3  
  137  7:43  Mutalisk x2  
  142  7:45  Drone  
  142  7:46  Drone x7  
  142  7:51  Drone x3  
  151  7:59  Mutalisk  
  151  8:00  Mutalisk x2  
  151  8:05  Zerg Melee Weapons Level 1  
  157  8:06  Overlord  
  157  8:08  Mutalisk  
  157  8:09  Overlord  
  155  8:13  Mutalisk  
  155  8:16  Overlord  
  155  8:25  Mutalisk  
  155  8:26  Mutalisk x2, Hatchery  
  160  8:34  Mutalisk  
  160  8:35  Mutalisk  
  160  8:36  Overlord  
  160  8:37  Zergling x2  
  160  8:38  Zergling x18  
  173  8:45  Zergling x2  
  173  8:46  Zergling x16  
  179  8:48  Overlord  
  179  8:51  Overlord  
  174  9:02  Mutalisk x6  
  186  9:10  Zergling x10  
  186  9:11  Zergling x6  
  190  9:22  Zergling x16  
  191  9:45  Mutalisk x6  
  190  9:50  Zergling x2  
  190  9:51  Zergling x2  
  196  10:04  Zergling x20  
  196  10:05  Zergling x2  
Show
View Real Time Build Order
Export as new Build Order

Geralt Protoss 

Build Orders: 1 Gate Expand, Oracle Opening 

Get SALT Encoding   

  12  0:00  Probe  
  13  0:12  Probe  
  14  0:20  Pylon  
  14  0:24  Probe  
  15  0:28  Assimilator  
  15  0:38  Probe (Chrono Boost)  
  16  0:43  Gateway  
  16  0:47  Probe (Chrono Boost)  
  17  0:52  Probe (Chrono Boost)  
  18  1:04  Probe  
  19  1:16  Probe  
  20  1:25  Nexus  
  20  1:28  Probe  
  21  1:38  Cybernetics Core  
  21  1:46  Assimilator  
  21  1:47  Probe  
  22  1:54  Pylon  
  22  1:59  Probe  
  23  2:12  Probe  
  23  2:14  Adept (Chrono Boost)  
  26  2:19  Stargate  
  26  2:24  Probe  
  26  2:27  Warp Gate  
  27  2:34  Adept (Chrono Boost)  
  27  2:36  Probe  
  28  2:39  Probe  
  30  2:48  Probe  
  31  2:51  Gateway  
  31  2:54  Probe  
  32  3:00  Probe  
  32  3:03  Oracle (Chrono Boost)  
  36  3:08  Probe  
  38  3:12  Probe  
  38  3:20  Adept, Probe  
  38  3:25  Probe  
  38  3:26  Pylon  
  42  3:32  Probe  
  42  3:33  Oracle (Chrono Boost)  
  46  3:44  Probe x2  
  48  3:56  Probe x2  
  48  3:57  Twilight Council  
  50  4:08  Probe  
  50  4:09  Nexus  
  51  4:16  Pylon  
  52  4:18  Assimilator  
  52  4:19  Stalker  
  52  4:22  Probe  
  54  4:26  Pylon  
  54  4:34  Probe  
  54  4:36  Probe  
  54  4:38  Blink (Chrono Boost)  
  54  4:41  Gateway  
  54  4:42  Gateway  
  52  4:46  Probe  
  52  4:47  Stalker  
  55  4:56  Adept  
  55  4:58  Shield Battery  
  57  5:06  Shield Battery  
  57  5:08  Robotics Facility  
  57  5:12  Probe x2  
  59  5:15  Adept  
  59  5:21  Adept  
  59  5:22  Probe  
  59  5:24  Probe  
  59  5:27  Probe  
  62  5:32  Pylon  
  62  5:35  Probe  
  62  5:36  Probe  
  62  5:37  Gateway  
  62  5:39  Probe  
  62  5:41  Gateway  
  64  5:45  Gateway  
  64  5:46  Pylon  
  64  5:47  Gateway, Probe  
  64  5:48  Probe  
  66  5:51  Probe  
  67  5:59  Probe  
  67  6:00  Probe  
  67  6:01  Warp Prism  
  67  6:03  Probe  
  72  6:10  Pylon  
  73  6:12  Assimilator, Probe  
  73  6:14  Stalker  
  73  6:15  Assimilator, Stalker  
  77  6:26  Stalker  
  77  6:27  Stalker  
  77  6:30  Probe  
  82  6:33  Gateway  
  82  6:34  Probe  
  82  6:38  Probe  
  84  6:42  Probe  
  84  6:43  Pylon  
  84  6:46  Probe  
  84  6:50  Robotics Bay, Probe  
  84  6:51  Assimilator  
  84  6:53  Stalker x4  
  91  6:54  Probe  
  91  6:58  Probe  
  93  7:02  Observer (Chrono Boost)  
  93  7:05  Probe  
  93  7:08  Pylon  
  95  7:14  Probe  
  96  7:16  Probe  
  96  7:17  Stalker  
  96  7:18  Stalker x4  
  96  7:19  Probe  
  108  7:26  Stalker x2  
  108  7:29  Probe  
  113  7:32  Nexus  
  113  7:34  Disruptor (Chrono Boost), Probe  
  117  7:53  Forge  
  117  7:55  Probe x2  
  117  7:57  Stargate  
  116  8:04  Pylon  
  116  8:05  Gateway, Pylon  
  113  8:06  Pylon  
  113  8:07  Pylon  
  113  8:09  Pylon  
  113  8:12  Stalker x2  
  117  8:21  Pylon  
  117  8:24  Stalker x2  
  117  8:25  Stalker x2  
  125  8:32  Probe  
  125  8:33  Photon Cannon, Pylon  
  129  8:37  Probe  
  129  8:39  Pylon  
  128  8:54  Stalker x5  
  128  8:55  Stalker x2  
  140  8:56  Probe x2  
  140  8:58  Colossus (Chrono Boost)  
  145  9:06  Photon Cannon  
  144  9:13  Phoenix (Chrono Boost)  
  144  9:14  Probe  
  144  9:15  Photon Cannon  
  147  9:20  Probe  
  147  9:22  Photon Cannon  
  147  9:23  Photon Cannon  
  148  9:27  Stalker  
  148  9:28  Stalker x2  
  148  9:29  Adept  
  150  9:35  Adept x2  
  143  9:39  Adept  
  143  9:41  Adept  
  137  9:51  Adept x2  
  132  9:53  Stalker  
  112  10:05  Stalker x2  
  91  10:20  Stalker x2  
  81  10:23  Probe  
Tags
 
Add a new tag
Caveats
  • Supply blocks, unpowered buildings, or Contaminate may cause inaccurate times.
  • Supply counts are checked every 10 seconds.